AoeStats
← ÑAÑO

Enclosed

505130046Analyzed
1v1 RM · 24d ago on Sep 8, 2026· 59m 4s· 2 players
Game mode
Random Map
Map size
Tiny (2 player)
Population
200
Speed
Normal
Resources
Standard
Victory
Conquest
Starting age
Dark Age
Ending age
Imperial Age
RankedLock teamsTeams togetherTeam positionsShared explorationLock speedFull tech treeHidden civsTurbo modeCheats
Victory
Defeat
🇨🇴 Burgundians · Colombia
995
+16
🇨🇱 Persians · Chile
994
-35
ÑAÑO
0:26 Loom
10:22 Feudal Age
10:42 Double-Bit Axe
16:32 Castle Age
17:47 Scale Mail Armor
22:35 Horse Collar
23:12 Bow Saw
24:35 Wheelbarrow
26:34 Chain Mail Armor
26:31 Forging
29:01 Heavy Plow
30:12 Pikeman
33:19 Hand Cart
48:43 Imperial Age
46:01 Town Watch
46:50 Town Patrol
47:20 Kamandaran
47:54 Squires
47:40 Arson
49:35 Plate Mail Armor
49:41 Iron Casting
48:57 Fletching
49:10 Crossbowman
50:01 Thumb Ring
51:43 Crop Rotation
52:15 Two-Man Saw
51:47 Halberdier
55:27 Scale Barding Armor
56:22 Blast Furnace
54:46 Cavalier
55:27 Husbandry
Richicuc
0:31 Loom
0:49 Loom
10:05 Feudal Age
9:02 Double-Bit Axe
10:03 Gold Mining
10:42 Town Watch
12:34 Wheelbarrow
12:28 Bow Saw
16:07 Forging
15:54 Horse Collar
17:27 Heavy Plow
20:56 Castle Age
19:18 Scale Barding Armor
21:04 Cavalier
21:46 Husbandry
22:34 Gold Shaft Mining
25:58 Iron Casting
27:03 Chain Barding Armor
29:37 Padded Archer Armor
29:16 Elite Skirmisher
30:55 Leather Archer Armor
30:42 Scale Mail Armor
30:33 Fletching
32:49 Chain Mail Armor
35:14 Hand Cart
43:50 Imperial Age
42:55 Stone Mining
45:38 Chemistry
45:00 Ballistics
44:33 Paladin
45:35 Treadmill Crane
46:45 Plate Barding Armor
50:22 Two-Man Saw
53:43 Plate Mail Armor
54:54 Bodkin Arrow
56:50 Stone Shaft Mining
59:53 Blast Furnace
58:53 Bracer
Connection lost

Rejoining the realm…

Still unreachable

The connection could not be restored.

Session expired

The server has moved on; the page needs a fresh start.